 Dungeon Crawl Stone Soup version 0.31-a0-803-g95b03c3 (webtiles) character file.

Game seed: 4180315055527030342

22 danspanner the Conjurer (level 2, -2/5 HPs)
             Began as an Octopode Conjurer on Sept 20, 2023.
             Slain by a goblin
             ... wielding a +0 dagger
              (3 damage)
             ... on level 2 of the Dungeon.
             The game lasted 00:03:54 (1431 turns).

danspanner the Conjurer (Octopode Conjurer)         Turns: 1431, Time: 00:03:55

Health: -2/5       AC:  1    Str:  6    XL:     2   Next: 91%
Magic:  1/5        EV: 13    Int: 20    God:
Gold:   69         SH:  0    Dex: 10    Spells: 2/5 levels left

rFire   . . .        (weapon currently unavailable)
rCold   . . .        (shield currently unavailable)
rNeg    . . .        (helmet restricted)
rPois   .            (no amulet)
rElec   .            b - ring of wizardry
rCorr   .            (no ring)
SInv    .            (no ring)
Will    .....        (no ring)
Stlth   ++           (no ring)
HPRegen 0.20/turn    (no ring)
MPRegen 0.09/turn    (no ring)
                     (no ring)

%: wizardry (x1)
@: flux-form, glowing
A: glow, contaminating, reduced hp, almost no armour, amphibious, 8 rings,
camouflage 1, gelatinous body 1, (nimble swimmer 1), tentacles
a: Begin Untransformation


You were on level 2 of the Dungeon.
You were something dangerously unstable.
You visited 1 branch of the dungeon, and saw 2 of its levels.

You collected 69 gold pieces.

Inventory:

Jewellery
 b - a ring of wizardry (left tentacle)
 f - a +4 ring of slaying
Talismans
 d - a flux talisman (active)
Scrolls
 c - a scroll of teleportation {unknown}
 e - a scroll of enchant armour {unknown}
Potions
 a - a potion of magic
 g - a potion of attraction {unknown}


   Skills:
 + Level 2.3 Dodging
 + Level 3.3 Stealth
 + Level 2.3 Spellcasting
 + Level 4.2 Conjurations


You had 2 spell levels left.
You knew the following spells:

 Your Spells              Type           Power      Damage    Failure   Level
a - Magic Dart            Conj           76%        1d6       1%          1
b - Searing Ray           Conj           38%        2d5       1%          2

Your spell library contained the following spells:

 Spells                   Type           Power      Damage    Failure   Level
 Dazzling Flash           Conj/Hex       20%        N/A       8%          3
 Fulminant Prism          Conj/Hex       5%         3d7       26%         4
 Iskenderun's Mystic Bla  Conj/Tloc      10%        2d4       26%         4
 Summon Ice Beast         Ice/Summ       2%         N/A       50%         4
 Summon Mana Viper        Hex/Summ       2%         N/A       83%         5
 Monstrous Menagerie      Summ           1%         N/A       100%        7


Dungeon Overview and Level Annotations

Branches:
Dungeon (2/15)

Altars:


Innate Abilities, Weirdness & Mutations

You are something dangerously unstable.
You glow with magical radiation, making you easy to see and hit.
Foes you strike become dangerously contaminated with magical radiation.
Your maximum health is decreased, since you lack skill for your form.
You are incapable of wielding weapons or throwing items.
You cannot wear most types of armour.
You are amphibious.
You can wear up to eight rings at the same time.
Your skin changes colour to match your surroundings (Stealth+).
Your rubbery body absorbs attacks. (AC +1, EV +1)
((You are camouflaged when in or above water. (Stealth+)))
You have tentacles for arms and can constrict up to eight enemies at once.


Message History

You see here a ball python skeleton.
You see here a +0 club.
There is a staircase leading out of the dungeon here.
A frilled lizard comes into view.
The frilled lizard hisses angrily.
The frilled lizard hisses.
Casting: Searing Ray (safe; 1% risk of failure)
Confirm with . or Enter, or press ? or * to list all spells.
Aiming: Searing Ray (safe; 1% risk of failure)
Press: ? - help, Shift-Dir - straight line, f - frilled lizard
Aim: a frilled lizard (63% to hit)
The searing ray hits the frilled lizard.
You kill the frilled lizard! (Press . to maintain the ray.) Done exploring.
Done exploring.
What level of the Dungeon? (default 1, ? - help)
There is a stone staircase leading down here.
You climb downwards.
There is a stone staircase leading up here.
Found a stone staircase leading down.
A goblin comes into view. It is wielding a +0 dagger.
The goblin shouts!
Casting: Searing Ray (safe; 1% risk of failure)
Confirm with . or Enter, or press ? or * to list all spells.
Aiming: Searing Ray (safe; 1% risk of failure)
Press: ? - help, Shift-Dir - straight line, f - goblin
Aim: a goblin, wielding a +0 dagger (72% to hit)
The searing ray misses the goblin. (Press . to maintain the ray.)
The goblin barely misses you.
The searing ray misses the goblin.
The goblin hits you with a +0 dagger.
The searing ray misses the goblin.
An adder comes into view.
The goblin hits you with a +0 dagger.
Ouch! That really hurt!
* * * LOW HITPOINT WARNING * * *
The goblin attacks as it pursues you! The goblin hits you with a +0 dagger.
Ouch! That really hurt!
You die...

#########
#.p.....#
#g#####.# #.#
#.#
.......>....#.#
#######.###.#.#
#.# #.# #.# #<#
#.# ### #?#


You could see a goblin.

Vanquished Creatures
  3 ball pythons (D:1)
  2 endoplasms (D:1)
  2 hobgoblins (D:1)
  2 kobolds (D:1)
  3 quokkas (D:1)
  A bat (D:1)
  A frilled lizard (D:1)
  4 goblins (D:1)
  2 rats (D:1)
20 creatures vanquished.

Notes
Turn   | Place    | Note
-------+----------+-------------------------------------------
     0 | D:1      | danspanner the Octopode Conjurer began the quest for the
                  | Orb.
     0 | D:1      | Reached XP level 1. HP: 11/11 MP: 3/3
   200 | D:1      | Reached XP level 2. HP: 5/17 MP: 1/5
   602 | D:1      | Learned a level 2 spell: Searing Ray
  1431 | D:2      | Slain by a goblin

Illustrated notes

Levels and vault maps discovered:
D:1:      psy_arrival_radial01, layout_basic, nicolae_figureground_pulse
D:2:      layout_basic

Skill      XL: |  1 |
---------------+----+-----
Stealth        | 3 |  3.3
Dodging        | |  2.3
Spellcasting   | |  2.3
Conjurations   | |  4.2

Action                     || total
---------------------------++-------
  Melee: Unarmed           ||     7
         Constrict         ||     2
   Cast: Magic Dart        ||    34
         Searing Ray       ||     5
 Armour: Skin              ||     6
  Dodge: Dodged            ||     4
   Form: Flux              ||     1

Table legend: (Time is in decaauts)
 A = Elapsed time spent in this place.
 B = Non-inter-level travel time spent in this place.
 C = Inter-level travel time spent in this place.
 D = Time resting spent in this place.
 E = Time spent auto-exploring this place.
 F = Levels seen in this place.
 G = Mean time per level.
                   A        B        C        D        E       F      G
               +--------+--------+--------+--------+--------+-----+--------+
         Total |   1430 |   1356 |     74 |     37 |   1204 |   2 |  715.0 |
       Dungeon |   1430 |   1356 |     74 |     37 |   1204 |   2 |  715.0 |
               +--------+--------+--------+--------+--------+-----+--------+

Top non-repeatable levels by time:
     D:1: 1411 daAuts
     D:2: 18 daAuts
